Map: Triton LE

Players

INnoVation - Winner!

  • Race: Terran Terran
  • Spawn Location: 11:00

Elazer

  • Race: Zerg Zerg
  • Spawn Location: 5:00

Event: IEM Katowice 2020

VOD

Have the link to the VOD?

Description

Time

  • Played on: Feb. 28, 2020, 7:10 a.m.
  • Length: 17:50

All games in this series

Show
View Real Time Build Order
Export as new Build Order

INnoVation Terran - Winner!

Build Orders: Reaper Expand 

Get SALT Encoding   

  12  0:00  SCV  
  13  0:12  SCV  
  14  0:17  Supply Depot  
  14  0:24  SCV  
  15  0:38  SCV  
  15  0:39  Barracks  
  16  0:43  Refinery  
  16  0:50  SCV  
  17  1:02  SCV  
  18  1:14  SCV  
  19  1:26  Reaper  
  19  1:27  Orbital Command  
  20  1:39  Command Center  
  20  1:50  Supply Depot  
  20  1:52  SCV  
  21  1:58  Marine  
  22  2:04  SCV  
  23  2:13  Factory  
  23  2:16  SCV  
  23  2:20  Barracks Reactor  
  24  2:28  SCV  
  25  2:39  Command Center  
  25  2:41  SCV  
  26  2:51  Orbital Command  
  26  2:53  SCV  
  27  3:00  Starport  
  27  3:02  Refinery  
  27  3:05  SCV  
  28  3:09  Hellion  
  32  3:13  Hellion  
  32  3:15  Barracks Tech Lab  
  32  3:18  SCV  
  33  3:20  SCV  
  34  3:30  SCV  
  34  3:32  SCV  
  36  3:35  Hellion  
  36  3:37  Hellion  
  40  3:42  Banshee  
  40  3:43  SCV, Barracks Tech Lab  
  40  3:44  SCV  
  45  3:51  Orbital Command  
  45  3:55  SCV  
  45  3:56  SCV  
  45  4:02  Marine, Stimpack  
  48  4:04  Supply Depot  
  48  4:08  SCV x2  
  47  4:19  Factory Reactor  
  47  4:21  SCV x2  
  47  4:22  SCV, Barracks  
  48  4:25  Marine, Barracks  
  49  4:33  SCV x2  
  49  4:34  SCV  
  49  4:38  Engineering Bay  
  52  4:39  Engineering Bay  
  52  4:43  Starport Reactor, Refinery  
  52  4:45  SCV x2  
  54  4:46  SCV, Refinery  
  54  4:49  Marine  
  54  4:52  Supply Depot  
  56  4:57  SCV x2, Supply Depot  
  59  5:00  Orbital Command  
  59  5:04  Terran Infantry Weapons Level 1  
  59  5:05  Terran Infantry Armor Level 1  
  59  5:07  Marine  
  58  5:09  SCV x2  
  58  5:10  Marine x2  
  63  5:14  Barracks  
  63  5:17  Barracks  
  63  5:21  SCV x2  
  63  5:22  Siege Tank  
  63  5:24  Marine  
  63  5:25  Marine x2  
  63  5:27  Supply Depot  
  71  5:29  Marine  
  71  5:32  SCV  
  71  5:33  SCV x2  
  71  5:34  Medivac  
  77  5:40  Supply Depot, Medivac  
  77  5:42  Supply Depot  
  79  5:47  SCV x3  
  79  5:48  Refinery  
  82  5:50  Combat Shield  
  82  5:52  Marine x3  
  82  5:54  Marine  
  82  5:56  Marine  
  87  6:01  SCV x3  
  90  6:04  Armory  
  90  6:05  Supply Depot, Barracks Reactor  
  90  6:10  Barracks Reactor  
  90  6:12  Marine x3  
  90  6:13  SCV x3  
  90  6:14  Marine x2  
  98  6:24  Medivac  
  100  6:27  SCV  
  100  6:28  Supply Depot  
  100  6:30  Marine, Barracks  
  100  6:31  Marine x2, Barracks  
  104  6:33  Siege Tank  
  104  6:34  Barracks  
  107  6:43  Supply Depot  
  107  6:44  Marine, Supply Depot  
  107  6:45  Marine x3  
  111  6:47  Medivac  
  111  6:48  Marine x2  
  111  6:49  Marine  
  111  6:53  Marine x2  
  111  6:54  Medivac  
  115  7:02  Marine  
  115  7:03  SCV x3  
  115  7:04  Marine  
  115  7:05  Marine x2  
  115  7:06  Marine x3  
  117  7:11  Marine  
  117  7:12  Marine  
  114  7:19  Barracks Reactor x2  
  114  7:20  Marine  
  114  7:22  SCV x2  
  109  7:26  Terran Infantry Weapons Level 2  
  106  7:30  SCV  
  106  7:34  SCV x2  
  109  7:40  Marine x7, Terran Infantry Armor Level 2  
  109  7:41  Marine x2  
  118  7:44  Barracks Reactor  
  118  7:53  Supply Depot  
  118  7:54  SCV x2  
  118  7:57  Siege Tank  
  123  7:59  Marine x3  
  123  8:00  Marine x9  
  123  8:03  SCV, Supply Depot  
  123  8:04  Supply Depot, Medivac  
  127  8:15  Marine  
  127  8:17  Marine x6  
  127  8:18  SCV  
  125  8:24  SCV  
  125  8:25  SCV, Supply Depot  
  127  8:30  SCV  
  127  8:31  Siege Tank  
  121  8:35  Marine x2  
  121  8:37  SCV x2  
  113  8:42  SCV  
  113  8:46  Medivac  
  116  8:49  SCV, Marine x2  
  116  8:50  Marine  
  116  8:54  SCV  
  122  9:01  SCV  
  122  9:04  Command Center, Siege Tank  
  122  9:09  Medivac  
  126  9:13  SCV x2  
  128  9:19  Medivac  
  128  9:25  SCV  
  128  9:31  SCV  
  122  9:37  SCV  
  122  9:43  SCV  
  108  9:47  Marine x3  
  108  9:49  SCV  
  108  9:51  Siege Tank  
  115  9:55  SCV  
  116  10:02  SCV  
  117  10:07  SCV  
  117  10:14  SCV, Terran Infantry Weapons Level 3  
  119  10:17  Orbital Command  
  119  10:24  Siege Tank  
  119  10:26  SCV  
  119  10:27  Marine  
  119  10:36  Refinery, Command Center  
  121  10:43  Marine x3  
  121  10:48  Marine x4  
  121  10:49  Marine  
  122  10:57  Thor  
  109  11:00  Terran Infantry Armor Level 3  
  109  11:02  Marine x2, Missile Turret  
  113  11:07  Missile Turret  
  113  11:09  Marine  
  113  11:10  Marine x3  
  112  11:13  Marine x2  
  112  11:15  Marine x4  
  118  11:22  Medivac x2  
  122  11:28  Marine x3, Missile Turret  
  122  11:29  Marine x2, Supply Depot  
  122  11:30  Supply Depot  
  122  11:32  Marine x4  
  131  11:35  Marine x3  
  131  11:36  Marine x2  
  131  11:39  Marine  
  134  11:40  SCV  
  134  11:46  Marine x4  
  139  11:51  SCV  
  139  11:52  SCV  
  139  11:53  SCV  
  139  11:54  Marine x3  
  138  11:55  Marine  
  138  11:56  Marine x2  
  138  11:57  Marine, Thor  
  141  12:05  Medivac x2  
  141  12:07  Marine x8  
  153  12:12  SCV x2  
  153  12:23  SCV  
  153  12:24  SCV x2  
  153  12:31  Marine x2  
  153  12:32  Marine x4  
  153  12:35  SCV, Medivac x2  
  164  12:41  Supply Depot  
  164  12:42  SCV  
  164  12:47  Supply Depot  
  164  12:57  Planetary Fortress  
  164  13:05  Thor  
  164  13:08  Marine x4  
  164  13:09  Marine x4  
  164  13:12  SCV x2  
  167  13:16  Missile Turret  
  167  13:20  Medivac x2  
  167  13:25  Supply Depot  
  171  13:29  Supply Depot  
  171  13:30  Marine  
  171  13:32  Marine x2  
  171  13:33  Marine x2  
  171  13:34  Marine x3  
  139  13:41  Marine  
  139  13:46  SCV x3  
  139  13:47  Marine  
  139  13:48  Marine x6  
  132  13:50  Marine x2, Siege Tank  
  132  13:51  Marine  
  132  13:52  Marine  
  132  13:53  Marine  
  132  13:54  Marine  
  136  13:56  Marine  
  136  13:59  Marine  
  135  14:05  Marine x2  
  135  14:08  Medivac x2  
  135  14:09  Sensor Tower  
  138  14:11  Marine  
  138  14:12  Marine x6  
  145  14:22  Siege Tank  
  148  14:28  Barracks Reactor  
  148  14:30  Marine  
  148  14:31  Marine x4  
  149  14:32  Marine x2  
  150  14:44  Medivac x2  
  154  14:49  Marine x2  
  156  14:58  Siege Tank  
  156  14:59  SCV x2  
  161  15:03  Supply Depot  
  161  15:06  Marine x4  
  165  15:08  Marine x8  
  162  15:30  Siege Tank  
  162  15:31  Marine x2  
  162  15:32  Marine  
  167  15:37  Orbital Command  
  142  15:51  Marine x6  
  142  15:53  Marine  
  132  16:02  Siege Tank  
  138  16:06  Marine x8  
  138  16:08  Marine  
  138  16:09  Marine x2  
  143  16:12  Bunker  
  143  16:18  Marine x3  
  146  16:20  Marine  
  146  16:24  Marine x7  
  153  16:30  Marine  
  153  16:31  Marine  
  155  16:33  Marine  
  155  16:34  Siege Tank  
  158  16:44  Marine x8  
  165  16:53  Supply Depot  
  165  16:54  Supply Depot  
  165  16:55  Marine  
  165  16:56  Marine x2  
  142  17:14  Marine x3  
  142  17:15  Marine x8, Siege Tank  
Show
View Real Time Build Order
Export as new Build Order

Elazer Zerg 

Build Orders: Hatch First, Muta Ling Bane 

Get SALT Encoding   

  12  0:00  Drone  
  13  0:12  Overlord  
  13  0:16  Drone  
  14  0:30  Drone x2  
  16  0:47  Hatchery  
  15  0:50  Drone  
  15  0:53  Drone  
  17  0:57  Drone  
  18  1:07  Extractor  
  17  1:12  Spawning Pool  
  17  1:15  Drone  
  17  1:18  Drone  
  18  1:28  Drone  
  19  1:38  Drone  
  20  1:49  Drone  
  21  1:59  Queen x2  
  21  2:00  Zergling x4  
  27  2:13  Hatchery  
  26  2:16  Overlord  
  26  2:19  Drone  
  26  2:22  Drone  
  28  2:39  Drone x3  
  28  2:42  Metabolic Boost  
  31  2:45  Queen  
  31  2:48  Overlord  
  33  2:51  Drone  
  33  2:54  Drone  
  33  2:56  Drone  
  36  3:10  Drone x4  
  40  3:13  Drone  
  40  3:14  Drone  
  42  3:21  Queen  
  42  3:25  Overlord  
  42  3:26  Queen  
  46  3:30  Drone x2  
  46  3:32  Overlord  
  48  3:40  Zergling x2  
  48  3:41  Drone  
  50  3:46  Zergling x6  
  50  3:48  Zergling x2  
  54  3:49  Drone x2  
  54  3:52  Drone  
  54  3:54  Drone x3  
  60  4:00  Queen  
  60  4:01  Baneling Nest  
  60  4:02  Drone  
  62  4:05  Overlord  
  62  4:09  Drone x2  
  64  4:15  Drone x3  
  66  4:22  Spore Crawler  
  66  4:23  Overlord  
  64  4:25  Drone  
  64  4:26  Spore Crawler  
  64  4:29  Drone  
  65  4:32  Overlord  
  65  4:33  Lair  
  65  4:38  Extractor  
  64  4:39  Extractor  
  64  4:40  Drone x2  
  64  4:42  Drone x2  
  64  4:43  Drone  
  64  4:44  Drone, Overlord  
  69  4:46  Drone x2  
  69  4:49  Drone x2, Evolution Chamber  
  69  4:50  Evolution Chamber  
  69  4:52  Drone x2  
  73  4:55  Drone x3  
  76  5:03  Drone  
  76  5:04  Drone  
  78  5:08  Overlord  
  78  5:12  Overlord  
  78  5:14  Drone x2  
  80  5:16  Zerg Ground Armor Level 1, Zerg Melee Weapons Level 1  
  80  5:22  Hatchery, Extractor x2  
  80  5:24  Zergling x8  
  81  5:31  Drone, Overlord  
  81  5:32  Drone x2  
  84  5:36  Overlord  
  84  5:39  Drone  
  84  5:40  Extractor, Centrifical Hooks  
  84  5:41  Drone x3  
  88  5:42  Zergling x2  
  88  5:43  Zergling x2  
  88  5:47  Zergling x2  
  88  5:48  Zergling x8  
  94  5:58  Zergling x8  
  94  6:01  Overlord  
  94  6:03  Drone  
  99  6:06  Hatchery  
  99  6:08  Drone  
  99  6:11  Zergling x2  
  100  6:17  Zergling x8  
  104  6:21  Zergling x2  
  104  6:25  Zergling x4, Burrow  
  107  6:28  Overlord  
  107  6:31  Baneling x7  
  107  6:34  Zergling x14  
  107  6:35  Baneling x10  
  107  6:37  Zergling x4  
  116  6:41  Spire  
  116  6:46  Overlord x2  
  115  6:47  Overlord  
  115  6:58  Zergling x14  
  118  7:03  Zergling x6  
  118  7:06  Zergling x2  
  116  7:13  Zergling x12  
  114  7:16  Zergling x6  
  114  7:22  Drone x4  
  114  7:25  Drone  
  115  7:30  Drone  
  115  7:31  Drone x5  
  115  7:33  Zerg Melee Weapons Level 2, Zerg Ground Armor Level 2  
  120  7:39  Baneling x13  
  120  7:40  Zergling x10  
  120  7:41  Zergling x2  
  126  7:46  Zergling x4  
  126  7:50  Zergling x4  
  129  7:54  Zergling x6  
  129  7:56  Zerg Flyer Weapons Level 1  
  129  7:57  Drone x3  
  135  8:02  Drone x4  
  135  8:05  Hatchery, Drone x2  
  140  8:06  Drone  
  140  8:07  Baneling  
  141  8:12  Drone x5  
  141  8:19  Overlord  
  136  8:20  Zergling x6  
  136  8:26  Zergling x10  
  143  8:29  Baneling x3  
  143  8:30  Baneling x18  
  143  8:31  Zergling x6  
  126  8:42  Zergling x22  
  126  8:47  Baneling x7  
  126  8:48  Zergling x4, Baneling x3  
  138  8:53  Extractor  
  136  8:57  Spawning Pool  
  136  8:59  Zergling x14  
  136  9:00  Zergling x2  
  136  9:02  Zergling x2  
  135  9:10  Zergling x14  
  135  9:11  Zergling x2  
  135  9:13  Zergling x2  
  140  9:19  Baneling x6  
  134  9:32  Baneling x4  
  134  9:36  Hatchery  
  114  9:41  Zergling x2  
  114  9:42  Zergling x16  
  114  9:44  Zergling x8  
  114  9:49  Drone x5  
  119  9:56  Mutalisk x3  
  125  10:02  Mutalisk x3  
  131  10:09  Mutalisk x3  
  131  10:11  Zergling x6  
  139  10:17  Zergling x10  
  139  10:20  Baneling x6  
  143  10:26  Zergling x12  
  143  10:34  Mutalisk x2  
  144  10:46  Mutalisk x6  
  144  10:48  Zergling x2  
  144  10:49  Zergling x4  
  156  10:51  Pneumatized Carapace  
  154  10:58  Drone x5  
  159  11:05  Mutalisk  
  159  11:07  Overlord  
  159  11:09  Drone x2  
  163  11:18  Overlord  
  163  11:20  Overlord  
  163  11:21  Overlord x2  
  163  11:23  Zerg Flyer Weapons Level 2  
  163  11:28  Infestation Pit  
  163  11:29  Baneling x4  
  163  11:30  Zergling x18  
  171  11:34  Hatchery  
  171  11:39  Zergling x22  
  181  11:52  Zergling x20  
  181  11:53  Zergling x2  
  190  11:57  Mutalisk x4  
  185  12:01  Mutalisk  
  185  12:07  Overlord  
  185  12:08  Drone x8  
  191  12:13  Mutalisk x2  
  193  12:21  Drone x8  
  187  12:33  Overlord  
  187  12:36  Drone x4  
  190  12:38  Mutalisk x4  
  190  12:40  Zergling x6  
  190  12:42  Baneling x3  
  199  12:46  Baneling x2  
  199  12:56  Zergling x24  
  193  13:07  Zergling x18  
  193  13:11  Zergling x16  
  197  13:17  Hive  
  197  13:19  Drone x3  
  200  13:28  Baneling  
  200  13:29  Baneling x12  
  182  13:36  Zergling x26  
  158  13:41  Zergling x8  
  158  13:46  Zergling x8  
  147  13:51  Zergling x10  
  147  13:54  Zergling x4  
  147  13:55  Zergling x4  
  155  14:02  Zergling x12  
  160  14:03  Zergling x6  
  160  14:04  Baneling x14  
  160  14:08  Baneling x7  
  160  14:11  Drone x5  
  165  14:17  Zergling x2  
  165  14:18  Zergling x4  
  165  14:23  Zergling x2  
  165  14:24  Zergling x16  
  177  14:29  Zergling x8, Hatchery  
  177  14:30  Zergling x4  
  179  14:35  Baneling  
  141  14:39  Zergling x12  
  141  14:42  Zergling x4  
  141  14:43  Baneling x14  
  141  14:44  Baneling x7  
  141  14:45  Zergling x4  
  146  14:46  Zergling x2  
  146  14:51  Zergling x14  
  154  14:53  Baneling x5  
  154  14:54  Baneling  
  154  14:57  Zergling x10  
  167  15:12  Corruptor x5  
  158  15:20  Zergling x8  
  149  15:26  Zergling x16  
  152  15:30  Zergling x2  
  152  15:31  Zergling x4  
  152  15:35  Zergling x8  
  155  15:41  Zergling x10  
  129  15:53  Zergling x22  
  136  16:02  Drone x5  
  141  16:05  Corruptor  
  141  16:09  Adrenal Glands  
  141  16:18  Corruptor x2  
  143  16:21  Zergling x8  
  149  16:26  Zergling x8  
  149  16:28  Baneling  
  149  16:29  Baneling x5  
  149  16:32  Zergling x4  
  155  16:35  Zergling x8  
  157  16:40  Zergling x8  
  157  16:44  Zergling x2  
  157  16:45  Zergling x6  
  161  16:50  Zergling x10  
  162  16:55  Zergling x10  
  162  16:59  Zergling x4  
  162  17:00  Zergling x4  
  164  17:04  Zergling x10  
  156  17:11  Zergling x10  
  156  17:14  Baneling x4  
  157  17:20  Baneling  
  155  17:22  Zergling x2  
  155  17:27  Baneling x7  
  155  17:28  Baneling x2  
  155  17:29  Zergling x2  

Tags
 
Add a new tag
Caveats
  • Supply blocks, unpowered buildings, or Contaminate may cause inaccurate times.
  • Supply counts are checked every 10 seconds.